 Dungeon Crawl Stone Soup version 0.28-a0-987-g8383568036 (webtiles) character file.

Game seed: 9542773325587473153

9163 Lavandula the Carver (level 11, 73/88 HPs)
             Began as a Naga Arcane Marksman on Dec 4, 2021.
             Was a Priest of Okawaru.
             Quit the game on level 11 of the Dungeon.
             The game lasted 00:40:28 (10733 turns).

Lavandula the Carver (Naga Arcane Marksman)        Turns: 10733, Time: 00:40:29

Health: 73/88      AC: 17    Str: 18    XL:     11   Next: 42%
Magic:  6/12       EV: 13    Int: 13    God:    Okawaru [***...]
Gold:   237        SH:  0    Dex: 11    Spells: 1/12 levels left

rFire   + . .      SeeInvis +   p - +2 falchion (holy)
rCold   . . .      Faith    .   (no shield)
rNeg    . . .      Spirit   .   g - +3 leather armour "Plog" {Rampage rF+ Regen+ rCorr}
rPois   +          Reflect  .   (no helmet)
rElec   .          Harm     .   (no cloak)
rCorr   +          Rampage  +   (no gloves)
Will    +....                   (no barding)
Stlth   ++........              (no amulet)
HPRegen 1.04/turn               f - +4 ring of protection
MPRegen 0.13/turn               y - +4 ring of protection

@: short of breath, heroic, finesse-ful, very slow
A: AC +3, large, see invisible, deformed body, poison resistance, slowness 2,
spit poison 1, naga tail 1
a: Spit Poison, Renounce Religion, Heroism


You were on level 11 of the Dungeon.
You worshipped Okawaru.
Okawaru was most pleased with you.
You visited 2 branches of the dungeon, and saw 12 of its levels.

You collected 489 gold pieces.
You spent 252 gold pieces at shops.

Inventory:

Hand Weapons
 a - a +0 hand crossbow
 e - a +1 dagger of speed
 p - a +2 falchion of holy wrath (weapon)
 t - a +4 glaive
 K - a +0 club
Missiles
 c - 54 bolts
 o - a curare-tipped dart
 z - 7 javelins (quivered)
Armour
 g - the +3 leather armour "Plog" (worn) {Rampage rF+ Regen+ rCorr}
   (You found it on level 4 of the Dungeon)

   rF:        It protects you from fire.
   Regen:     It increases your rate of health regeneration.
   rCorr:     It protects you from acid and corrosion.
   Rampage:   It bestows one free step when moving towards enemies.
 n - a +3 ring mail
 v - a +2 leather armour of cold resistance
Jewellery
 f - a +4 ring of protection (left hand)
 l - a ring of resist corrosion
 y - a +4 ring of protection (right hand)
 B - a ring of fire
 E - a +6 ring of strength
 H - a ring of protection from cold
Wands
 j - a wand of polymorph (1)
 m - a wand of flame (4)
 x - a wand of charming (8)
Scrolls
 d - a scroll of holy word
 q - a scroll of enchant weapon {unknown}
 C - a scroll of fog {unknown}
 D - a scroll of magic mapping
 I - a scroll of enchant armour {unknown}
Potions
 b - 3 potions of degeneration
 h - a potion of lignification {unknown}
 i - 2 potions of haste
 k - a potion of invisibility
 s - a potion of flight
 u - a potion of magic
 w - 4 potions of brilliance
 F - 2 potions of might
 G - 2 potions of cancellation


   Skills:
 - Level 2.9(7.9) Fighting
 - Level 9.9(14.9) Long Blades
 - Level 2.1(7.1) Maces & Flails
 - Level 7.9(12.9) Crossbows
 - Level 5.1(10.1) Armour
 - Level 6.3(11.3) Dodging
 - Level 1.0 Spellcasting
 - Level 5.1 Hexes
 - Level 2.6 Fire Magic
 - Level 2.0 Evocations


You had one spell level left.
You knew the following spells:

 Your Spells              Type           Power      Damage    Failure   Level
a - Slow                  Hex            56%        N/A       3%          1
b - Tukima's Dance        Hex            14%        N/A       12%         3
c - Inner Flame           Hex/Fire       10%        N/A       21%         3
d - Cause Fear            Hex            7%         N/A       36%         4

Your spell library contained the following spells:

 Spells                   Type           Power      Damage    Failure   Level
 Pain                     Necr           0%         1d4       32%         1
 Portal Projectile        Hex/Tloc       14%        N/A       32%         3
 Conjure Flame            Conj/Fire      4%         6-21      50%         3
 Ignite Poison            Fire/Tmut/Pois 2%         N/A       56%         3
 Stone Arrow              Conj/Erth      0%         3d7       67%         3
 Sticky Flame             Conj/Fire      4%         2d3       88%         4
 Passage of Golubria      Tloc           0%         N/A       97%         4
 Yara's Violent Unravell  Hex/Tmut       3%         3d4       97%         5
 Agony                    Necr           0%         N/A       100%        5
 Excruciating Wounds      Necr           0%         N/A       100%        5
 Lehudib's Crystal Spear  Conj/Erth      0%         10d2      100%        8
 Animate Armour           Summ/Erth      Unusable   N/A       N/A         4

Dungeon Overview and Level Annotations

Branches:
Dungeon (11/15)            Temple (1/1) D:6            Lair (0/6) D:9
    Orc (0/2) D:9

Altars:
Ashenzari
Cheibriados
Dithmenos
Elyvilon
Fedhas
Gozag
Hepliaklqana
Kikubaaqudgha
Nemelex Xobeh
Okawaru
Qazlal
Sif Muna
Trog
Uskayaw
Vehumet
Wu Jian
Xom
Yredelemnul
Zin
The Shining One

Shops:
D:7 !(*   D:9 *

Annotations:
D:7 2 transporters, MirrMurr's ghost, novice SpEn
D:9 exclusion: orc priest


Innate Abilities, Weirdness & Mutations

Your serpentine skin is tough. (AC +3)
You have supernaturally acute eyesight. (SInv)
Armour fits poorly on your strangely shaped body.
Your system is resistant to poisons. (rPois)
You cover ground very slowly.
You can spit poison.
You have a snake-like lower body.


Message History

You hit the red ugly thing.
The red ugly thing is lightly wounded.
The red ugly thing closely misses you.
Unknown command.
Press: ? - help, Shift-Dir - straight line, f/p - red ugly thing
Aim: a red ugly thing (lightly wounded)
The splash of poison misses the red ugly thing.
The splash of poison misses the troll.
The red ugly thing misses you.
Unknown command.
You hit the red ugly thing.
The red ugly thing is lightly wounded.
Unknown command.
You hit the red ugly thing.
The red ugly thing is lightly wounded.
Unknown command.
You barely miss the red ugly thing.
The red ugly thing is lightly wounded.
The red ugly thing stings you!
You are engulfed in flames.
You resist.
Unknown command.
You hit the red ugly thing.
The red ugly thing is lightly wounded.
Unknown command.
Okay, then.
Unknown command.
You hit the red ugly thing but do no damage.
The red ugly thing is lightly wounded.
Unknown command.
You hit the red ugly thing.
The red ugly thing is moderately wounded.
The red ugly thing misses you.
Unknown command.
Throw: 8 javelins
Press: ? - help, Q - select action, (/) - cycle Shift-Dir - straight line, f/p - red ugly thing
Aim: a red ugly thing (moderately wounded, 62% to hit)
You throw a javelin.
The javelin pierces through the red ugly thing!
The red ugly thing is heavily wounded.
The javelin pierces through the troll!
The troll is moderately wounded.
Are you sure you want to abandon this character and quit the game? (Confirm with "yes".)

..... #.........
......#.........
..........######
#######.).###..##
#......)...#
#.......)..#
#....).....#
#..........#
#########@####
.......##u#######'
#......T........
#...........T...
#...............
###'##.(########
... #### #(.. .'..


You could see a red ugly thing and a troll.

Vanquished Creatures
  A two-headed ogre (D:10)
  Psyche (D:8)
  A komodo dragon (D:9)
  A troll (D:9)
  Grinder (D:5)
  A dream sheep (shapeshifter) (D:8)
  Sigmund (D:4)
  A wraith (D:8)
  12 yaks
  Eustachio (D:4)
  3 vampire mosquitoes (D:9)
  An acid dragon (D:9)
  Duvessa (D:5)
  A water moccasin (D:7)
  2 ice beasts (D:5)
  3 orc warriors
  2 sky beasts
  2 hornet zombies
  4 ogres
  6 centaurs
  2 lemures (D:8)
  3 kobold brigands
  A bullfrog (D:7)
  Blork the orc (D:4)
  3 gnoll sergeants
  3 scorpions
  A wyvern zombie (D:8)
  A wyvern skeleton (D:5)
  A water moccasin skeleton (D:4)
  Dowan (D:5)
  12 killer bees
  5 wights (D:9)
  3 electric eels (D:9)
  4 howler monkeys
  3 centaur zombies
  2 jellies
  2 centaur skeletons (D:6)
  3 orc priests
  A gnoll shaman (D:7)
  3 hounds
  2 bullfrog zombies
  An iguana (D:4)
  6 orc wizards
  A hound zombie (D:5)
  21 gnolls
  An adder (D:5)
  A white imp (D:6)
  2 ufetubi
  A worm (D:2)
  A dart slug (D:3)
  28 orcs
  6 ball pythons
  8 bats
  6 endoplasms
  3 giant cockroaches (D:1)
  4 hobgoblins
  3 jackals (D:1)
  2 quokkas
  7 frilled lizards
  9 goblins
  20 kobolds
  7 rats
241 creatures vanquished.

Vanquished Creatures (collateral kills)
  An iguana (D:4)
1 creature vanquished.

Vanquished Creatures (others)
  6 plants
6 creatures vanquished.

Grand Total: 248 creatures vanquished

Notes
Turn   | Place    | Note
-------+----------+-------------------------------------------
     0 | D:1      | Lavandula the Naga Arcane Marksman began the quest for the
                  | Orb.
     0 | D:1      | Reached XP level 1. HP: 18/18 MP: 2/2
    85 | D:1      | Reached XP level 2. HP: 9/25 MP: 3/3
   545 | D:1      | Found a faded altar of an unknown god.
   614 | D:1      | Reached XP level 3. HP: 31/31 MP: 4/4
   623 | D:1      | Learned a level 3 spell: Tukima's Dance
  1951 | D:3      | Reached XP level 4. HP: 38/38 MP: 5/5
  1957 | D:3      | Reached skill level 1 in Armour
  2717 | D:4      | Reached XP level 5. HP: 43/44 MP: 6/6
  2755 | D:4      | Noticed Ijyb
  2758 | D:4      | Noticed Ijyb
  2758 | D:4      | Ijyb changed into Ijyb the iguana
  2783 | D:4      | Killed Ijyb the iguana
  3058 | D:4      | Noticed Eustachio
  3073 | D:4      | Killed Eustachio
  3074 | D:4      | Reached XP level 6. HP: 35/51 MP: 7/7
  3307 | D:4      | Noticed Sigmund
  3314 | D:4      | Killed Sigmund
  3315 | D:4      | Reached skill level 5 in Armour
  3315 | D:4      | Reached XP level 7. HP: 57/57 MP: 8/8
  3747 | D:4      | Identified the +3 leather armour "Plog" {Rampage rF+ Regen+
                  | rCorr}
  3767 | D:4      | Noticed Blork the orc
  3781 | D:4      | Killed Blork the orc
  4199 | D:5      | Entered Level 5 of the Dungeon
  4247 | D:5      | Noticed Duvessa
  4250 | D:5      | Noticed Dowan
  4257 | D:5      | Killed Dowan
  4258 | D:5      | Reached skill level 5 in Crossbows
  4260 | D:5      | Killed Duvessa
  4261 | D:5      | Reached XP level 8. HP: 50/64 MP: 9/9
  4849 | D:5      | Reached skill level 1 in Long Blades
  4999 | D:5      | Reached skill level 2 in Long Blades
  5105 | D:5      | Noticed Grinder
  5110 | D:5      | Killed Grinder
  5111 | D:5      | Reached skill level 3 in Long Blades
  5458 | D:6      | Reached XP level 9. HP: 74/74 MP: 10/10
  5462 | D:6      | Learned a level 3 spell: Inner Flame
  5617 | D:6      | Found a staircase to the Ecumenical Temple.
  5653 | Temple   | Entered the Ecumenical Temple
  5721 | Temple   | Became a worshipper of Warmaster Okawaru
  6146 | D:7      | Noticed a queen bee
  6147 | D:7      | Noticed MirrMurr's ghost (novice SpEn)
  6148 | D:7      | Found a transporter.
  6161 | D:7      | Found a transporter.
  6206 | D:7      | Found Mymnoomu's Distillery.
  6213 | D:7      | Bought a potion of heal wounds for 60 gold pieces
  6213 | D:7      | Bought a potion of might for 48 gold pieces
  6213 | D:7      | Bought a potion of cancellation for 96 gold pieces
  6213 | D:7      | Bought a potion of brilliance for 48 gold pieces
  6317 | D:7      | Found an ancient bone altar of Kikubaaqudgha.
  6351 | D:7      | Reached skill level 4 in Long Blades
  6494 | D:7      | Found Qaugikko's General Store.
  6562 | D:7      | Reached skill level 5 in Long Blades
  6619 | D:7      | Found Vecejag's Weapon Boutique.
  6866 | D:8      | Noticed Pikel
  6952 | D:8      | Reached * piety under Okawaru
  6953 | D:8      | Reached skill level 6 in Long Blades
  7045 | D:8      | Noticed Pikel
  7045 | D:8      | Pikel changed into Pikel the ogre
  7051 | D:8      | Killed Pikel the ogre
  7067 | D:8      | Reached skill level 7 in Long Blades
  7130 | D:8      | Noticed Psyche
  7136 | D:8      | Noticed a wind drake
  7138 | D:8      | Killed Psyche
  7138 | D:8      | Reached ** piety under Okawaru
  7139 | D:8      | Reached skill level 8 in Long Blades
  7139 | D:8      | Reached XP level 10. HP: 66/82 MP: 0/11
  7455 | D:8      | Reached skill level 9 in Long Blades
  7512 | D:8      | Found a white marble altar of Elyvilon.
  7707 | D:9      | Reached *** piety under Okawaru
  7708 | D:9      | Reached skill level 1 in Fire Magic
  7964 | D:9      | Reached skill level 5 in Hexes
  8302 | D:9      | Found Xisorare's Mayhem Merchandise.
  8464 | D:9      | Found a hazy altar of Hepliaklqana.
  8464 | D:9      | Found an opulent altar of Gozag.
  8475 | D:9      | Reached XP level 11. HP: 73/84 MP: 8/12
  8622 | D:9      | Found a staircase to the Lair.
  8820 | D:9      | Reached **** piety under Okawaru
  8830 | D:9      | Reached skill level 5 in Dodging
  9101 | D:9      | Found a staircase to the Orcish Mines.
  9457 | D:10     | Entered Level 10 of the Dungeon
  9469 | D:10     | Noticed a two-headed ogre
  9477 | D:10     | Killed a two-headed ogre
  9571 | D:10     | Received a gift from Okawaru
  9685 | D:10     | Noticed a two-headed ogre
 10230 | D:9      | Reached skill level 1 in Maces & Flails
 10665 | D:11     | Learned a level 4 spell: Cause Fear
 10709 | D:11     | Noticed a red ugly thing
 10733 | D:11     | Quit the game

Illustrated notes

Levels and vault maps discovered:
D:1:      onia_arrival_handbag, layout_basic, hellmonk_ecumenical_altar_run_dry
D:2:      layout_basic
D:3:      layout_basic, serial_forest, infiniplex_forest_pool,
          infiniplex_forest_end_2, infiniplex_forest_clump_curved,
          infiniplex_forest_clump_small, infiniplex_forest_corner_1,
          infiniplex_forest_lined_2, minmay_hedge_maze, grunt_ministairs_11
D:4:      layout_loops_corners, uniq_blork_the_orc, uniq_ijyb, uniq_sigmund,
          uniq_eustachio
D:5:      layout_basic, uniq_grinder, uniq_duvessa
D:6:      layout_loops_cross, minmay_temple_entry_wispy
D:7:      layout_cave_pools, kiku_gazebo_pond_becter, serial_shops,
          nicolae_shop_waterfront, nicolae_shop_window_shopping,
          kennysheep_little_box, gammafunk_ghost_hive
D:8:      layout_gridville, kennysheep_mini, uniq_psyche, uniq_pikel
D:9:      layout_basic, chequers_temple_overflow_statue_of_worship,
          david_lair_shrubbed, erik_orc_2, serial_glass, glass_columns_a,
          glass_columns_a, minmay_shop_mayhem, minmay_misc_feat_tiny
D:10:     layout_cave_pods
D:11:     layout_gridville, ebering_ghost_xom, evilmike_minifort
Temple:   mainiacjoe_temple_coin_purse

Skill      XL: |  1  2  3  4  5  6  7  8  9 10 11 |
---------------+----------------------------------+-----
Crossbows      | 2 3 5 6 7 |  7.9
Armour         | 2 4 5 |  5.1
Evocations     | 2 |  2.0
Fighting       | 2 |  2.9
Long Blades    | 3 8 9 |  9.9
Fire Magic     | 2 |  2.6
Hexes          | 5 |  5.1
Dodging        | 4 6 |  6.3
Maces & Flails | 2 |  2.1
Spellcasting   | |  1.0

Action                   |  1- 3 |  4- 6 |  7- 9 | 10-12 || total
-------------------------+-------+-------+-------+-------++-------
Melee: Falchion          |    11 |    16 |   240 |   146 ||   413
       Punch             |       |       |       |     1 ||     1
 Fire: Hand crossbow     |    78 |    34 |    43 |    81 ||   236
Throw: Javelin           |       |       |    14 |    29 ||    43
       Dart              |       |       |       |     1 ||     1
       Throwing net      |       |       |       |     1 ||     1
 Cast: Tukima's Dance    |       |       |     2 |       ||     2
       Inner Flame       |       |       |     1 |    19 ||    20
       Slow              |       |       |       |     1 ||     1
Invok: Heroism           |       |       |     1 |     3 ||     4
       Finesse           |       |       |       |     1 ||     1
 Abil: Spit Poison       |    20 |    14 |    51 |    46 ||   131
Evoke: Wand              |       |     7 |    26 |    12 ||    45
  Use: Potion            |       |     3 |     2 |    10 ||    15
       Scroll            |       |     2 |     4 |     4 ||    10
 Stab: Invisible         |       |       |       |     1 ||     1
Armor: Robe              |     7 |       |       |       ||     7
       Ring mail         |    20 |    33 |    19 |       ||    72
       Leather armour    |       |       |   175 |   138 ||   313
Dodge: Dodged            |    25 |    31 |   135 |   152 ||   343

Table legend: (Time is in decaauts)
 A = Elapsed time spent in this place.
 B = Non-inter-level travel time spent in this place.
 C = Inter-level travel time spent in this place.
 D = Time resting spent in this place.
 E = Time spent auto-exploring this place.
 F = Levels seen in this place.
 G = Mean time per level.
                   A        B        C        D        E       F      G
               +--------+--------+--------+--------+--------+-----+--------+
         Total |  13646 |  12679 |    967 |   1317 |   8942 |  12 | 1137.2 |
       Dungeon |  13533 |  12584 |    949 |   1317 |   8868 |  11 | 1230.3 |
        Temple |    113 |     96 |     17 |      0 |     74 |   1 |  113.0 |
               +--------+--------+--------+--------+--------+-----+--------+

Top non-repeatable levels by time:
     D:9: 2672 daAuts
     D:4: 2004 daAuts
     D:5: 1447 daAuts
     D:1: 1320 daAuts
     D:3: 1144 daAuts
     D:6: 1078 daAuts
     D:7: 1064 daAuts
     D:8: 1042 daAuts
     D:2: 861 daAuts
    D:10: 704 daAuts
    D:11: 191 daAuts
  Temple: 113 daAuts
